 Dungeon Crawl Stone Soup version 0.25.1-2-g60ff931df9 (webtiles) character file.

Game seed: 805574328129042476

49 BledDest the Chucker (level 3, -4/33 HPs)
             Began as a Troll Hunter on Aug 1, 2020.
             Slain by a gnoll
             ... wielding a +0 spear
              (10 damage)
             ... on level 2 of the Dungeon.
             The game lasted 00:01:18 (651 turns).

BledDest the Chucker (Troll Hunter)                  Turns: 651, Time: 00:01:18

Health: -4/33      AC:  6    Str: 20    XL:     3   Next: 51%
Magic:  11/11      EV: 10    Int:  7    God:
Gold:   16         SH:  0    Dex: 11    Spells: 2/2 levels left

rFire    . . .     SeeInvis .     - Unarmed
rCold    . . .     Gourm    +   (no shield)
rNeg     . . .     Faith    .   b - +0 robe
rPois    .         Spirit   .   (helmet restricted)
rElec    .         Reflect  .   (no cloak)
rCorr    .         Harm     .   (gloves unavailable)
MR       .....                  (boots unavailable)
Stlth    +.........             (no amulet)
HPRegen  0.51/turn              n - ring of magical power
MPRegen  0.12/turn              (no ring)

@: no status effects
A: large, unfitting armour, claws 3, fast metabolism 3, gourmand, regeneration
1, shaggy fur 1, tough skin 3
a: no special abilities


You were on level 2 of the Dungeon.
You were very full.

You visited 1 branch of the dungeon, and saw 2 of its levels.

You collected 16 gold pieces.

Inventory:

Missiles
 c - 5 large rocks (quivered)
 d - 2 throwing nets
 i - 10 poisoned darts
 j - 31 stones
Armour
 b - a +0 robe (worn)
Jewellery
 n - a ring of magical power (left claw)
Scrolls
 g - a scroll of enchant armour {unknown}
 k - 2 scrolls of teleportation {unknown}
 l - 2 scrolls of identify {unknown}
 m - a scroll of amnesia {unknown}
Potions
 a - a potion of flight {unknown}
 e - a potion of magic {unknown}
 h - a potion of stabbing {unknown}
Comestibles
 f - 3 rations
 o - a chunk of flesh


   Skills:
 - Level 1.5 Fighting
 - Level 3.6 Throwing
 - Level 1.5 Dodging
 - Level 0.3 Stealth
 + Level 3.2 Unarmed Combat


You had 2 spell levels left.
You didn't know any spells.
Your spell library was empty.

Dungeon Overview and Level Annotations

Branches:
Dungeon (2/15)

Altars:


Innate Abilities, Weirdness & Mutations

You are too large for most types of armour.
You have claws for hands.
Your metabolism is lightning-fast.
You like to eat raw meat.
Your natural rate of healing is unusually fast.
You are covered in fur. (AC +1)
You have extremely tough skin. (AC +3)


Message History

The ooze is lightly wounded.
The ooze closely misses you.
You scratch the ooze.
The ooze is heavily wounded.
The ooze hits you but does no damage.
You claw the ooze!
You kill the ooze!
You barely miss the gnoll. The gnoll hits you with a +0 spear.
You scratch the gnoll.
The gnoll is lightly wounded.
The gnoll hits you with a +0 spear!
* * * LOW HITPOINT WARNING * * *
You barely miss the gnoll.
The gnoll is lightly wounded.
The gnoll hits you with a +0 spear.
* * * LOW HITPOINT WARNING * * *
You scratch the gnoll but do no damage.
The gnoll is lightly wounded.
The gnoll hits you with a +0 spear!
You die...

#.....g)..#
#..###..#######
#.#.# #.........
#
..###.###.#######
#..# #.##.# #.#
##...# ###..#
##g...#
#.....###g##)##
#@#.###.# ##g##
#.# ### #.# ..#
###


You could see a gnoll.

Vanquished Creatures
  A gnoll (D:2)
  An adder (D:2)
  An ooze (D:2)
  2 giant cockroaches
  4 goblins
  5 hobgoblins
  2 jackals (D:1)
  2 bats (D:1)
  2 frilled lizards (D:1)
  2 kobolds
  3 rats (D:1)
25 creatures vanquished.

Notes
Turn   | Place    | Note
-------+----------+-------------------------------------------
     0 | D:1      | BledDest the Troll Hunter began the quest for the Orb.
     0 | D:1      | Reached XP level 1. HP: 19/19 MP: 0/0
    16 | D:1      | Reached skill level 1 in Unarmed Combat
   139 | D:1      | Reached XP level 2. HP: 25/27 MP: 1/1
   616 | D:2      | Reached XP level 3. HP: 19/33 MP: 2/2
   651 | D:2      | Slain by a gnoll

Illustrated notes

Levels and vault maps discovered:
D:1:      minmay_arrival_three_doors, layout_rooms, minmay_strange_pillars
D:2:      layout_loops_ring, kennysheep_okawaru_gauntlet,
          overflow_temple_1_default, chequers_ecumenical_altar_simple,
          minmay_tetromino_s4

Skill      XL: |  1  2  3 |
---------------+----------+-----
Unarmed Combat | 1 2 3 |  3.2
Fighting       | |  1.5
Throwing       | |  3.6
Dodging        | |  1.5
Stealth        | |  0.3

Action                   || total
-------------------------++-------
Melee: Unarmed           ||    79
  Eat: Chunk             ||    11
Armor: Robe              ||    25
Dodge: Dodged            ||    33
